[Event "3rd Mersin Open 2018"]
[Site "Mersin"]
[Date "2018.09.12"]
[Round "6.11"]
[White "Hatirli, Ugur Can"]
[Black "Ozcan, Berk"]
[Result "1/2-1/2"]
[ECO "E67"]
[WhiteElo "1608"]
[BlackElo "1617"]
[Annotator "NA"]
[PlyCount "40"]
[EventDate "2018.09.09"]
[EventType "swiss"]
[EventCountry "TUR"]
[SourceTitle "playchess.com"]
[Source "ChessBase"]
[SourceQuality "1"]
[TimeControl "5400+30"]

1. d4 Nf6 2. Nf3 g6 3. g3 Bg7 4. Bg2 O-O 5. O-O d6 6. c4 Nbd7 7. Nc3 e5 8. dxe5 dxe5 9. Bg5 c6 10. Qd6 h6 11. Bxf6 Qxf6 12. Rad1 Qxd6 13. Rxd6 Re8 14. e4 Nf8 15. Rfd1 Bg4 16. h3 Bxf3 17. Bxf3 Ne6 18. Ne2 Rad8 19. Rxd8 Rxd8 20. Rxd8+ Nxd8 1/2-1/2

[Event "3rd Mersin Open 2018"]
[Site "Mersin"]
[Date "2018.09.12"]
[Round "6.12"]
[White "Kizilkus, Tanju"]
[Black "Altug, Sertac"]
[Result "0-1"]
[ECO "D35"]
[WhiteElo "1594"]
[BlackElo "1633"]
[Annotator "NA"]
[PlyCount "58"]
[EventDate "2018.09.09"]
[EventType "swiss"]
[EventCountry "TUR"]
[SourceTitle "playchess.com"]
[Source "ChessBase"]
[SourceQuality "1"]
[TimeControl "5400+30"]

1. c4 e6 2. g3 d5 3. cxd5 exd5 4. d4 Bd6 5. Bg2 Nf6 6. Nf3 O-O 7. Bg5 h6 8. Bxf6 Qxf6 9. Nc3 c6 10. O-O Re8 11. Re1 Bf5 12. Qb3 Na6 13. a3 Re7 14. Nh4 Bh7 15. e4 Qxd4 16. Red1 Nc5 17. Qa2 Nd3 18. Rxd3 Qxd3 19. Rd1 Qc2 20. exd5 Bc5 21. dxc6 bxc6 22. Bxc6 Qxf2+ 23. Kh1 Re1+ 24. Rxe1 Qxe1+ 25. Kg2 Qf2+ 26. Kh3 Qf1+ 27. Bg2 Bf5+ 28. g4 Qd3+ 29. Nf3 h5 0-1

[Event "3rd Mersin Open 2018"]
[Site "Mersin"]
[Date "2018.09.12"]
[Round "6.13"]
[White "Arslan, Muhammed Emin"]
[Black "Polat, Ahmet Eren"]
[Result "1/2-1/2"]
[ECO "A26"]
[WhiteElo "1530"]
[BlackElo "1669"]
[Annotator "NA"]
[PlyCount "43"]
[EventDate "2018.09.09"]
[EventType "swiss"]
[EventCountry "TUR"]
[SourceTitle "playchess.com"]
[Source "ChessBase"]
[SourceQuality "1"]
[TimeControl "5400+30"]

1. c4 d6 2. Nc3 e5 3. g3 Nc6 4. Bg2 g6 5. e4 Bg7 6. Nge2 Be6 7. d3 Qd7 8. Nd5 Nd8 9. O-O c6 10. Ne3 Ne7 11. Rb1 O-O 12. Bd2 f5 13. f4 Nf7 14. Qc2 Rfd8 15. Rbd1 Rac8 16. fxe5 dxe5 17. Bc1 fxe4 18. dxe4 Qc7 19. b3 Rxd1 20. Rxd1 Rd8 21. Rxd8+ Qxd8 22. Nd1 1/2-1/2

[Event "3rd Mersin Open 2018"]
[Site "Mersin"]
[Date "2018.09.12"]
[Round "6.14"]
[White "Subasi, Fidel"]
[Black "Zuberoglu, Ibrahim Berk"]
[Result "0-1"]
[ECO "A80"]
[WhiteElo "1659"]
[BlackElo "1633"]
[Annotator "NA"]
[PlyCount "78"]
[EventDate "2018.09.09"]
[EventType "swiss"]
[EventCountry "TUR"]
[SourceTitle "playchess.com"]
[Source "ChessBase"]
[SourceQuality "1"]
[TimeControl "5400+30"]

1. d4 f5 2. Bg5 g6 3. Nd2 Bg7 4. e4 d5 5. e5 c5 6. f4 Qb6 7. dxc5 Qxb2 8. Ngf3 Qc3 9. Bb5+ Nc6 10. Bxc6+ bxc6 11. O-O Qxc5+ 12. Kh1 Nh6 13. Nb3 Qb6 14. h3 Nf7 15. Bh4 h6 16. Bf2 Qc7 17. Nfd4 O-O 18. Nc5 Nd8 19. Rb1 Qa5 20. Nxc6 Qc7 21. Nxe7+ Qxe7 22. Qxd5+ Ne6 23. Qxa8 Nxc5 24. Qd5+ Ne6 25. Be1 Rd8 26. Qc4 Kh7 27. Bb4 Qh4 28. Ba5 Re8 29. Rb8 Ng5 30. Be1 Qh5 31. fxg5 Be6 32. Qc7 Bd5 33. Kg1 Qe2 34. Rf2 Qxe1+ 35. Rf1 Qe3+ 36. Rf2 Qe1+ 37. Rf1 Qg3 38. Rf2 Rxe5 39. Qd8 Re1+ 0-1

[Event "3rd Mersin Open 2018"]
[Site "Mersin"]
[Date "2018.09.15"]
[Round "8.6"]
[White "Bacak, Muhammed Kaan"]
[Black "Dogan, Nazmi Can"]
[Result "1-0"]
[ECO "A11"]
[WhiteElo "2126"]
[BlackElo "2275"]
[Annotator "NA"]
[PlyCount "89"]
[EventDate "2018.09.09"]
[EventType "swiss"]
[EventCountry "TUR"]
[SourceTitle "playchess.com"]
[Source "ChessBase"]
[SourceQuality "1"]
[TimeControl "5400+30"]

1. Nf3 d5 2. g3 c6 3. Bg2 Bg4 4. c4 e6 5. O-O Nd7 6. d3 {[%emt 0:00:30] LiveBook: 164 Games} Ngf6 7. Nc3 Bxf3 {[%emt 0:03:30] A11: English Opening: 1...c6} (7... Be7 8. Be3 O-O 9. Qb3 Bxf3 10. Bxf3 Ne5 11. Qxb7 Nxf3+ 12. exf3 d4 13. Bxd4 Qxd4 14. Qxe7 Qxd3 15. Qc5 Qxf3 {0-1 (63) Pantsulaia,L (2605)-Sevian,S (2614) chess.com INT 2018}) 8. exf3 Be7 9. a3 $146 ({Predecessor:} 9. f4 dxc4 10. dxc4 O-O 11. Qc2 Qc7 12. b3 {½-½ (12) Simic,D (2306)-Mijailovic,Z (2409) Banja Vrujci 2017}) 9... a5 10. Rb1 O-O 11. b4 axb4 12. axb4 Qc7 13. Qb3 Rfd8 14. Re1 Bf8 15. Bf4 Bd6 16. Be3 h6 17. Rec1 Qb8 18. Na4 (18. f4 $14) 18... e5 19. Nb6 Nxb6 20. Bxb6 dxc4 21. dxc4 Bc7 22. Be3 Qc8 23. Bf1 Qf5 24. Be2 Rd7 25. Rd1 Rad8 26. Rxd7 Qxd7 27. Rd1 Qe8 28. Rxd8 Qxd8 29. b5 Qd7 30. bxc6 bxc6 31. Kg2 g5 32. Qc2 Kg7 33. h3 Qe6 34. Bd3 Bd6 35. Bf5 Qe7 36. Qa4 Qb7 $11 {[%emt 0:01:22] [#]} 37. Qd1 ({White should try} 37. h4 $1 $18) 37... Qe7 $1 38. Qa4 Qe8 {[%emt 0:01:21] [#]} 39. h4 $1 e4 (39... gxh4 $16 {was called for.} 40. c5 (40. gxh4 h5 $16) 40... h3+ 41. Kxh3 Be7) 40. hxg5 ({White should play} 40. fxe4 $18 gxh4 41. gxh4) 40... hxg5 $2 (40... exf3+ $16 41. Kxf3 hxg5) 41. fxe4 ({Schwächer ist} 41. Bxg5 exf3+ 42. Kxf3 Qe1 $16) 41... Qe5 $2 (41... Be5 42. Bxg5 Bd4) 42. Qxc6 Nh7 43. c5 Be7 44. Qd5 Qc7 $18 45. Bxh7 1-0

[Event "3rd Mersin Open 2018"]
[Site "Mersin"]
[Date "2018.09.15"]
[Round "8.7"]
[White "Kazimova, Narmin"]
[Black "Ersahin, Bulent"]
[Result "1/2-1/2"]
[ECO "B38"]
[WhiteElo "2264"]
[BlackElo "2191"]
[Annotator "NA"]
[PlyCount "71"]
[EventDate "2018.09.09"]
[EventType "swiss"]
[EventCountry "TUR"]
[SourceTitle "playchess.com"]
[Source "ChessBase"]
[SourceQuality "1"]
[TimeControl "5400+30"]

1. Nf3 Nf6 2. c4 g6 3. d4 c5 4. Nc3 cxd4 5. Nxd4 Bg7 6. e4 O-O 7. Be2 Nc6 8. Be3 d6 9. O-O Bd7 10. Qd2 {[%emt 0:09:30] LiveBook: 1800 Partien} Nxd4 11. Bxd4 Bc6 12. Bd3 Qa5 {[%emt 0:10:00] B38: Sicilian: Maroczy Bind with 5...Bg7 and 7...0-0} (12... a5 13. Rae1 a4 14. Nd5 e6 15. Nb4 Bd7 16. Rd1 Qe7 17. Rfe1 Rfc8 18. Bf1 e5 19. Bb6 Be6 20. b3 axb3 21. axb3 {½-½ (36) Wojtaszek,R (2727)-Mamedov,R (2650) Huaian 2016}) 13. a3 {[%emt 0:08:30] [#]} Qh5 $146 ({Predecessor:} 13... Ng4 14. Bxg7 Kxg7 15. h3 Nf6 16. Rfe1 e5 17. Bf1 Rfd8 18. b4 Qb6 19. Rad1 Nh5 20. b5 {1-0 (43) Kolev,A (2568)-Komljenovic,D (2505) Dos Hermanas 2002}) 14. h3 a5 15. b4 Qh4 16. b5 Bd7 17. Be3 (17. Rac1 $16) 17... Bxh3 $1 18. Bg5 Qg4 19. f3 Qg3 20. Bf4 Qxg2+ 21. Qxg2 Bxg2 22. Kxg2 Nh5 23. Ne2 ({Wrong is} 23. Bd2 $2 Bxc3 24. Bxc3 Nf4+ 25. Kg3 Nxd3 $19) 23... Bxa1 24. Rxa1 Nxf4+ 25. Nxf4 e6 26. Rd1 Rfd8 27. Ne2 Rac8 28. Nc3 Rc5 29. Be2 Kf8 30. Na4 Rg5+ 31. Kf2 Rh5 32. Kg3 (32. c5 $5) 32... Rg5+ 33. Kf2 Rh5 34. Kg3 Rg5+ 35. Kf2 Rh5 36. Kg3 $11 1/2-1/2

[Event "3rd Mersin Open 2018"]
[Site "Mersin"]
[Date "2018.09.15"]
[Round "8.8"]
[White "Yasin, Hur"]
[Black "Koksal, Ege"]
[Result "0-1"]
[ECO "C84"]
[WhiteElo "2044"]
[BlackElo "2367"]
[Annotator "NA"]
[PlyCount "72"]
[EventDate "2018.09.09"]
[EventType "swiss"]
[EventCountry "TUR"]
[SourceTitle "playchess.com"]
[Source "ChessBase"]
[SourceQuality "1"]
[TimeControl "5400+30"]

1. e4 e5 2. Nf3 Nc6 3. Bb5 a6 4. Ba4 Nf6 5. d4 exd4 6. O-O Be7 {[%emt 0:00:30] LiveBook: 1126 Games} 7. e5 Ne4 8. Nxd4 Nxd4 9. Qxd4 Nc5 10. Qg4 {[%emt 0:15:30] C84: Closed Ruy Lopez: Unusual White 6th moves} (10. Nc3 O-O 11. Nd5 Re8 12. Nxe7+ Qxe7 13. Bd2 b5 14. Bb3 Bb7 15. Rfe1 Ne4 16. c3 c5 17. Qe3 d6 18. exd6 Qxd6 19. Rad1 {1-0 (47) Pancevski,F (2503)-Amin,B (2661) Baku 2016}) 10... Nxa4 11. Qxg7 (11. Qxa4 $11 O-O 12. Nc3) 11... Rf8 12. Bh6 d5 ({Worse is} 12... Nxb2 13. Nd2 $11) 13. Qxh7 Be6 $146 ({Predecessor:} 13... Bd7 14. Nd2 Bb5 15. c4 dxc4 {1-0 (58) Tal,M-Straume,I Riga 1953}) 14. Bxf8 Bxf8 15. f4 Qe7 16. f5 {[%emt 0:01:30] [#]} (16. b3 $17 Nc5 17. Nc3) 16... Bd7 $1 17. b3 (17. e6 $142 fxe6 18. Qh5+ Qf7 19. Qh4) 17... Nb6 $2 (17... Qxe5 $19 18. Nd2 Nc3) 18. Nd2 {[%emt 0:02:30] [#]} O-O-O $1 19. Nf3 Qc5+ 20. Kh1 $1 Be8 (20... Qxc2 $15 21. Ng5 Ba3) 21. Rfe1 d4 22. Rad1 Bc6 23. Qxf7 Bxf3 24. gxf3 Nd5 25. f6 Qxc2 26. Qh5 (26. Rxd4 $15 Qf2 27. Rxd5 (27. Red1 Qxf3+ 28. Kg1 Bc5 29. Qh7 Nc3 30. Qh3+ Qxh3 31. Kf2 Qf5+ 32. Ke1 Bxd4 33. Kd2 Bxe5+ 34. Ke3 Qf4#) 27... Qxf3+ 28. Kg1 Qg4+ 29. Kh1 (29. Kf2 $2 Bc5+ 30. Re3 Rh8 $19) 29... Qf3+ 30. Kg1 Qg4+ 31. Kh1 Qf3+) 26... Ne3 27. Qh3+ Kb8 28. Rc1 {[%emt 0:00:00] [#]} Qb2 $2 (28... d3 $3 $19 {[%mdl 512] has better winning chances.} 29. Rxc2 dxc2) 29. e6 $2 {[%emt 0:04:02] [#]} (29. Rb1 $17 Qxa2 30. e6) 29... Re8 $2 (29... d3 $1 $19 30. e7 Bxe7 31. fxe7 Re8) 30. Rb1 (30. Rg1 $1 $11 {keeps the balance.}) 30... Qxa2 31. e7 Bxe7 32. fxe7 Ka7 ({Avoid the trap} 32... Rxe7 $2 33. Qh8+ Ka7 34. Qxd4+ b6 35. Rb2 $18) 33. Rg1 Rxe7 34. Qh4 Rd7 35. Qe4 {[%emt 0:00:11] [#]} (35. Qg5 $17 {keeps fighting.}) 35... Qf2 $1 36. Rbe1 {[%emt 0:02:29] [#]} c5 $17 ({Black should try} 36... Rh7 $1 $19 37. Qxd4+ {[#]} (37. Qxh7 Qxf3+) 37... c5 $1 ) 0-1

[Event "3rd Mersin Open 2018"]
[Site "Mersin"]
[Date "2018.09.15"]
[Round "8.10"]
[White "Olcum, Ahmet"]
[Black "Aganazarov, Yagmyr"]
[Result "1-0"]
[ECO "A45"]
[WhiteElo "2302"]
[BlackElo "2002"]
[Annotator "NA"]
[PlyCount "95"]
[EventDate "2018.09.09"]
[EventType "swiss"]
[EventCountry "TUR"]
[SourceTitle "playchess.com"]
[Source "ChessBase"]
[SourceQuality "1"]
[TimeControl "5400+30"]

1. d4 Nf6 2. Bf4 g6 3. Nc3 Bg7 {[%emt 0:01:30] A45: Trompowsky Attack} (3... d5 4. e3 Bg7 5. h4 h5 6. Nf3 O-O 7. Qd2 c5 8. Ne5 Nc6 9. f3 Nd7 10. Nxd5 cxd4 11. exd4 {½-½ (20) Kravtsiv,M (2654)-Salem,A (2636) Abu Dhabi 2018}) 4. Qd2 O-O 5. Bh6 Bxh6 6. Qxh6 b5 $146 ({Predecessor:} 6... c5 7. O-O-O Nc6 8. dxc5 Qa5 9. Nf3 Ng4 10. Qh4 Nf6 11. g4 {1-0 (55) Milanovic,D (2508)-Ratkovic,M (2405) Zrenjanin 2018}) 7. f3 c5 8. dxc5 Qa5 9. Nh3 (9. e4 $11) 9... d5 (9... b4 $15 10. Ne4 Nxe4 11. fxe4 f6) 10. cxd6 $1 Bxh3 11. dxe7 Re8 12. Qg5 Nbd7 13. gxh3 Qc7 14. e4 ({Weaker is} 14. Qxb5 Rab8 $15) ({Not} 14. Nxb5 Qa5+ 15. c3 a6 $17) 14... b4 15. Nd5 Nxd5 16. Qxd5 Nb6 ({Black should play} 16... Qf4 $1 $11) 17. Qd2 Qxe7 18. O-O-O Red8 19. Bd3 Na4 20. Kb1 Rab8 21. Ka1 Qf6 22. Qc1 Qxf3 ({Black should play} 22... Rdc8 $14) 23. Rhf1 Qh5 24. Bc4 Rxd1 25. Bxf7+ ({But not} 25. Qxd1 $6 Qxd1+ 26. Rxd1 Nb6 $14) ({Much weaker is} 25. Rxd1 $6 Qe5 $11) 25... Kg7 26. Rxd1 Rf8 27. Bb3 Nc5 28. Qd2 Nxe4 29. Qd4+ Kh6 {[%emt 0:02:30] [#]} 30. Qe3+ (30. c3 $1 $18 {and White stays clearly on top.} Qe2 31. Bc4 (31. Qxb4 Rf1 $11) (31. cxb4 Rf3 $18)) 30... g5 $2 (30... Ng5 $16 31. Rg1 Rf5) 31. Re1 Rf4 32. Qxa7 Qh4 33. Rd1 Qxh3 34. a3 bxa3 35. Qxa3 Qxh2 (35... Kh5 $142) 36. Qe7 Qh5 $1 37. Re1 Qh4 {[%emt 0:00:55] [#]} 38. Rd1 $2 (38. Rc1 $1 $18) 38... Qh5 39. Rd7 Qg6 40. Bc4 Nf6 $2 (40... Qf5 $16 {is a better defense.}) 41. Qf8+ Kh5 {[%emt 0:00:02] [#]} 42. Bf7 $1 Nxd7 43. Bxg6+ hxg6 44. Qh8+ $4 (44. Qc8 $18) 44... Kg4 45. Qc8 Rd4 46. c4 Kg3 47. c5 Ne5 48. Qb8 $18 1-0

[Event "3rd Mersin Open 2018"]
[Site "Mersin"]
[Date "2018.09.15"]
[Round "8.11"]
[White "Altug, Sertac"]
[Black "Zuberoglu, Ibrahim Berk"]
[Result "0-1"]
[ECO "A80"]
[WhiteElo "1633"]
[BlackElo "1633"]
[Annotator "NA"]
[PlyCount "60"]
[EventDate "2018.09.09"]
[EventType "swiss"]
[EventCountry "TUR"]
[SourceTitle "playchess.com"]
[Source "ChessBase"]
[SourceQuality "1"]
[TimeControl "5400+30"]

1. d4 f5 2. Bg5 h6 3. Bf4 Nf6 4. h4 g6 5. Nf3 d6 6. Nbd2 Bg7 7. c3 Nc6 8. Qb3 Nh5 9. Bh2 e5 10. dxe5 dxe5 11. O-O-O Qe7 12. e4 f4 13. Bc4 Rb8 14. g3 fxg3 15. fxg3 Bd7 16. Rhf1 b5 17. Bd5 b4 18. Nc4 bxc3 19. Bxc6 Rxb3 20. Rxd7 Qc5 21. Rxc7+ Kd8 22. Rd7+ Ke8 23. Rxg7+ Qxc6 24. Nfxe5 cxb2+ 25. Kc2 Qxe4+ 26. Kxb3 b1=Q+ 27. Ka3 Qxf1 28. Rxa7 Qfxc4 29. Nxc4 Qxc4 30. Bg1 Qc1+ 0-1

[Event "3rd Mersin Open 2018"]
[Site "Mersin"]
[Date "2018.09.15"]
[Round "8.12"]
[White "Menken, Ekin"]
[Black "Soltani, Fardin"]
[Result "0-1"]
[ECO "B08"]
[WhiteElo "1706"]
[BlackElo "1644"]
[Annotator "NA"]
[PlyCount "109"]
[EventDate "2018.09.09"]
[EventType "swiss"]
[EventCountry "TUR"]
[SourceTitle "playchess.com"]
[Source "ChessBase"]
[SourceQuality "1"]
[TimeControl "5400+30"]

1. e4 d6 2. d4 Nf6 3. Nc3 g6 4. Nf3 Bg7 5. Be2 O-O 6. O-O Nbd7 7. h3 e5 8. dxe5 dxe5 9. Be3 a6 10. a4 Qe7 11. Bc4 Qb4 12. Qd3 Nc5 13. Bxc5 Qxc5 14. Nd5 Nxd5 15. Bxd5 h6 16. Rfd1 Rb8 17. a5 Kh7 18. c3 b5 19. b4 Qe7 20. Nd2 Rd8 21. Qe3 Be6 22. Nb3 Bxd5 23. exd5 Qd6 24. Nc5 f5 25. f3 Re8 26. Rd2 Bf6 27. Qd3 Re7 28. Re1 Bg5 29. Rde2 Rd8 30. Rd1 Ra8 31. c4 bxc4 32. Qxc4 c6 33. Rd3 Bf6 34. dxc6 Qxc6 35. Qd5 Qxd5 36. Rxd5 e4 37. fxe4 Bc3 38. e5 Bxb4 39. e6 Bxa5 40. Rd7 Rae8 41. Rxe7+ Rxe7 42. Nxa6 Kg7 43. Nb8 f4 44. Nc6 Bb6+ 45. Kf1 Re8 46. Re4 g5 47. Ke2 Kf6 48. e7 Bc5 49. Kf3 Bxe7 50. Nxe7 Rxe7 51. Rxe7 Kxe7 52. h4 Kf6 53. hxg5+ hxg5 54. g3 Ke5 55. Kf2 0-1

[Event "3rd Mersin Open 2018"]
[Site "Mersin"]
[Date "2018.09.15"]
[Round "8.13"]
[White "Imamverdiyev, Faiq"]
[Black "Ozcan, Berk"]
[Result "0-1"]
[ECO "B21"]
[WhiteElo "1604"]
[BlackElo "1617"]
[Annotator "NA"]
[PlyCount "128"]
[EventDate "2018.09.09"]
[EventType "swiss"]
[EventCountry "TUR"]
[SourceTitle "playchess.com"]
[Source "ChessBase"]
[SourceQuality "1"]
[TimeControl "5400+30"]

1. e4 c5 2. d4 cxd4 3. c3 dxc3 4. Nxc3 Nc6 5. Nf3 e6 6. Bf4 a6 7. Bc4 Nge7 8. O-O Ng6 9. Bg3 b5 10. Bb3 Be7 11. Qe2 O-O 12. Rfd1 Na5 13. Qd3 b4 14. Ne2 Nxb3 15. axb3 Bb7 16. e5 Bd5 17. Ned4 Qb6 18. h4 h5 19. Nf5 Bc5 20. Ne3 Bxe3 21. fxe3 Bxf3 22. gxf3 Qc6 23. Kg2 Rfc8 24. Rd2 Rc7 25. Qe2 a5 26. Kh2 Ne7 27. e4 a4 28. bxa4 Rxa4 29. Rad1 Nc8 30. f4 b3 31. Qxh5 Rxe4 32. Qg5 Re3 33. Bf2 Rf3 34. Rg1 g6 35. h5 Qe4 36. Qd8+ Kg7 37. Qxc7 Qxf4+ 38. Bg3 Qxd2+ 39. Rg2 Qd1 40. h6+ Kh7 41. Rg1 Qd2+ 42. Rg2 Qd1 43. Rg1 Qc2+ 44. Qxc2 bxc2 45. Rc1 Kxh6 46. Rxc2 Ne7 47. Kg2 Rb3 48. Rd2 Nd5 49. Kf2 Kg5 50. Kg2 Kg4 51. Rd4+ Kf5 52. Rd2 Ne3+ 53. Kh3 Ke4 54. Re2 Kd5 55. Rd2+ Kc6 56. Rd6+ Kc7 57. Rd2 Nf5 58. Rc2+ Kb6 59. Rg2 Kb5 60. Kh2 Rxg3 61. Rxg3 Nxg3 62. Kxg3 Kc4 63. Kf4 Kd4 64. b3 g5+ 0-1

[Event "3rd Mersin Open 2018"]
[Site "Mersin"]
[Date "2018.09.16"]
[Round "9.11"]
[White "Zuberoglu, Ibrahim Berk"]
[Black "Soltani, Benavandi Fardin"]
[Result "0-1"]
[ECO "B07"]
[WhiteElo "1633"]
[BlackElo "1644"]
[Annotator "NA RC"]
[PlyCount "68"]
[EventDate "2018.09.09"]
[EventType "swiss"]
[EventCountry "TUR"]
[SourceTitle "playchess.com"]
[Source "ChessBase"]
[SourceQuality "1"]
[TimeControl "5400+30"]

1. e4 d6 2. d4 Nf6 3. Nc3 g6 4. f3 Bg7 5. Be3 c6 6. Qd2 h5 7. Bd3 Nbd7 8. Nh3 a6 9. Ng5 Qa5 10. a3 b5 11. e5 dxe5 12. Bxg6 fxg6 13. Ne6 Nd5 14. Qd3 Nf8 15. Nxg7+ Kf7 16. Bd2 Qc7 17. Nxd5 cxd5 18. dxe5 e6 19. Nxe6 Bxe6 20. O-O Qc4 21. Qe3 Nd7 22. Bb4 h4 23. b3 Qc7 24. Qf4+ Kg7 25. Be7 Qxe5 26. Qxe5+ Nxe5 27. Rae1 Rae8 28. Bxh4 Nxf3+ 29. Rxf3 Rxh4 30. Rfe3 Kf7 31. h3 Rf4 32. g3 Rf6 33. Rc3 Bxh3 34. Rc7+ Kf8 0-1

[Event "3rd Mersin Open 2018"]
[Site "Mersin"]
[Date "2018.09.16"]
[Round "9.13"]
[White "Yerzhan, Zhangir"]
[Black "Kaya, Onur"]
[Result "1-0"]
[ECO "E17"]
[WhiteElo "1748"]
[BlackElo "1689"]
[Annotator "NA"]
[PlyCount "133"]
[EventDate "2018.09.09"]
[EventType "swiss"]
[EventCountry "TUR"]
[SourceTitle "playchess.com"]
[Source "ChessBase"]
[SourceQuality "1"]
[TimeControl "5400+30"]

1. d4 Nf6 2. Nf3 e6 3. g3 b6 4. Bg2 Bb7 5. O-O d6 6. c4 Nbd7 7. Nc3 Be7 8. b3 O-O 9. Bb2 Re8 10. Qc2 a6 11. e4 e5 12. dxe5 dxe5 13. Rad1 Bd6 14. Nd5 Nxd5 15. cxd5 a5 16. Nd2 Ba6 17. Nc4 Bxc4 18. Qxc4 Qe7 19. f4 a4 20. Rde1 axb3 21. Qxb3 Nc5 22. Qf3 f6 23. a3 Nb7 24. Ra1 Ra4 25. Rfe1 Rea8 26. fxe5 Bxe5 27. Bxe5 Qxe5 28. Qg4 Nc5 29. Ra2 Rxa3 30. Rxa3 Rxa3 31. Qc8+ Kf7 32. Bh3 Ra5 33. Be6+ Nxe6 34. dxe6+ Qxe6 35. Qxc7+ Kg6 36. Qf4 Re5 37. Kh1 Ra5 38. g4 Rg5 39. Rg1 Qe5 40. Qf3 Qe6 41. h4 Re5 42. h5+ Kf7 43. Ra1 Qc4 44. Re1 b5 45. Qe3 b4 46. g5 Rxg5 47. Qa7+ Ke6 48. Qb6+ Ke7 49. Qa7+ Ke6 50. Qb6+ Ke7 51. Qa7+ Ke8 52. Qb8+ Kf7 53. Qa7+ Ke8 54. Qb8+ Kf7 55. Qa7+ Ke6 56. Qb6+ Ke5 57. Qb8+ Kd4 58. Qd6+ Kc3 59. Rc1+ Kb3 60. Qd1+ Ka3 61. Rxc4 g6 62. Qc1+ Kb3 63. Qxg5 fxg5 64. Rc8 Ka2 65. e5 b3 66. e6 b2 67. Rb8 1-0

[Event "3rd Mersin Open 2018"]
[Site "Mersin"]
[Date "2018.09.16"]
[Round "9.14"]
[White "Kulakli, Ahmet"]
[Black "Menken, Ekin"]
[Result "1/2-1/2"]
[ECO "D73"]
[WhiteElo "1640"]
[BlackElo "1706"]
[Annotator "NA"]
[PlyCount "39"]
[EventDate "2018.09.09"]
[EventType "swiss"]
[EventCountry "TUR"]
[SourceTitle "playchess.com"]
[Source "ChessBase"]
[SourceQuality "1"]
[TimeControl "5400+30"]

1. d4 Nf6 2. Nf3 g6 3. g3 Bg7 4. Bg2 O-O 5. O-O d5 6. Nbd2 c5 7. c3 cxd4 8. cxd4 Nc6 9. Re1 Qb6 10. Nb3 Ne4 11. e3 e6 12. Nbd2 Nd6 13. b3 Bd7 14. Ba3 Nb4 15. Ne5 Rfd8 16. Bxb4 Qxb4 17. Nxd7 Rxd7 18. Rc1 Rdd8 19. Nb1 Rac8 20. Qd2 1/2-1/2